 Dungeon Crawl Stone Soup version 0.30-a0-652-gcc886f7154 (webtiles) character file.

Game seed: 10369677501208002681

307 funkygono the Firebug (level 6, -2/41 HPs)
             Began as a Demonspawn Fire Elementalist on Jan 17, 2023.
             Slain by Duvessa
             ... wielding a +0 short sword
              (7 damage)
             ... on level 4 of the Dungeon.
             The game lasted 00:05:40 (4406 turns).

funkygono the Firebug (DsFE)                        Turns: 4406, Time: 00:05:40

Health: -2/41      AC:  5    Str:  8    XL:     6   Next: 16%
Magic:  0/12       EV: 16    Int: 19    God:
Gold:   230        SH:  0    Dex: 13    Spells: 7/13 levels left

rFire   + . .      SeeInvis .    v - +1 whip (vamp)
rCold   . . .      Faith    .    (no shield)
rNeg    . . .      Spirit   .    q - +2 leather armour {rPois}
rPois   +          Reflect  .    (helmet restricted)
rElec   .          Harm     .    (no cloak)
rCorr   .          Rampage  .    (no gloves)
Will    .....                    (no boots)
Stlth   ++                       (no amulet)
HPRegen 0.26/turn                e - +5 ring of evasion
MPRegen 0.13/turn                n - ring of protection from fire

@: very slightly contaminated
A: antennae 1, spiny 2, weakness stinger 1
a: no special abilities


You were on level 4 of the Dungeon.
You visited 1 branch of the dungeon, and saw 4 of its levels.

You collected 230 gold pieces.

Inventory:

Hand Weapons
 g - a +0 dagger
 v - a +1 vampiric whip (weapon)
Armour
 a - a +0 robe
 h - a +0 leather armour
 q - a +2 leather armour of poison resistance (worn)
Magical Staves
 x - a staff of death
Jewellery
 e - a +5 ring of evasion (left hand)
 n - a ring of protection from fire (right hand)
Wands
 i - a wand of polymorph (3)
Scrolls
 c - 2 scrolls of noise {unknown}
 d - a scroll of summoning {unknown}
 f - 3 scrolls of teleportation {unknown}
 l - a scroll of vulnerability {unknown}
 m - 6 scrolls of identify {unknown}
 t - a scroll of fog {unknown}
 w - 2 scrolls of enchant armour {unknown}
Potions
 j - a potion of attraction {unknown}
 k - 2 potions of curing {unknown}
 o - a potion of invisibility {unknown}
 p - a potion of flight {unknown}
 r - 2 potions of might {unknown}
 s - a potion of heal wounds {unknown}
 u - a potion of mutation {unknown}
 z - a potion of resistance {unknown}


   Skills:
 + Level 0.1 Fighting
 + Level 0.3 Armour
 + Level 2.1 Dodging
 - Level 1.7 Stealth
 + Level 4.2 Spellcasting
 + Level 2.3 Conjurations
 + Level 4.3 Fire Magic


You had 7 spell levels left.
You knew the following spells:

 Your Spells              Type           Power      Damage    Failure   Level
a - Foxfire               Conj/Fire      64%        2x1d7     4%          1
b - Scorch                Fire           40%        2d7       4%          2
c - Kindle Blastsparks    Fire/Tloc/Air  18%        2d11      32%         3

Your spell library contained the following spells:

 Spells                   Type           Power      Damage    Failure   Level
 Momentum Strike          Conj/Tloc      16%        3d8       19%         2
 Inner Flame              Hex/Fire       12%        N/A       24%         3
 Blink                    Tloc           8%         N/A       28%         2
 Lesser Beckoning         Tloc           8%         N/A       28%         2
 Flame Wave               Conj/Fire      16%        2d7       43%         4
 Fireball                 Conj/Fire      8%         3d6       80%         5
 Starburst                Conj/Fire      8%         6d4       100%        6


Dungeon Overview and Level Annotations

Branches:
Dungeon (4/15)
 Temple: D:4-7

Altars:

Annotations:
D:4 Duvessa


Innate Abilities, Weirdness & Mutations

You have a pair of small antennae on your head.
You are mostly covered in sharp spines.
You have a small tail.


Message History

Sharp spines emerge from more of your body.
Casting: Scorch (safe; 4% risk of failure)
Confirm with . or Enter, or press ? or * to list all spells.
You miscast Scorch.
You are very lightly contaminated with residual magic.
Nothing appears to happen.
Duvessa barely misses you. Duvessa hits you with a +0 short sword!
Unknown command.
You hit Duvessa.
You feel better.
Your tail-slap misses Duvessa.
Duvessa is heavily wounded.
Duvessa completely misses you.
You hit Duvessa but do no damage.
Duvessa is heavily wounded.
Duvessa is struck by your spines. Duvessa barely misses you.
Duvessa completely misses you.
You hit Duvessa but do no damage.
You tail-slap Duvessa, but do no damage.
Duvessa is heavily wounded.
Duvessa barely misses you. Duvessa completely misses you.
You barely miss Duvessa.
Duvessa is heavily wounded.
Duvessa is struck by your spines. Duvessa hits you with a +0 short sword.
Casting: Scorch (safe; 4% risk of failure)
Confirm with . or Enter, or press ? or * to list all spells.
You conjure some foxfire!
Duvessa is struck by your spines. Duvessa barely misses you.
Duvessa hits you with a +0 short sword!
* * * LOW HITPOINT WARNING * * *
You barely miss Duvessa.
Duvessa is severely wounded.
The foxfire hits Duvessa.
Duvessa is severely wounded.
The foxfire hits Duvessa.
Duvessa is almost dead.
Duvessa is struck by your spines. Duvessa hits you but does no damage.
You hit Duvessa.
Duvessa is almost dead.
Duvessa hits you with a +0 short sword.
* * * LOW HITPOINT WARNING * * *
Duvessa hits you with a +0 short sword!
You die...

###### #....# #....#
#....##### #...)....# #
#....###.# #.
#.e@.....#########..
#....##.............
#.......#####..###.....
...........#
##.##......
#...###....# #.##.##...
### ..#### ##....#....
##.# #....#..... #...#
#..........
###..#####..........


You could see Duvessa (berserk).

Vanquished Creatures
  A scorpion (D:4)
  Dowan (D:4)
  Natasha (twice) (D:4)
  4 adders
  A worm (D:3)
  4 dart slugs
  3 orcs (D:3)
  5 endoplasms
  2 giant cockroaches
  11 hobgoblins
  17 jackals
  4 quokkas
  3 ball pythons
  5 bats
  3 frilled lizards
  14 goblins
  6 kobolds
  4 rats
90 creatures vanquished.

Vanquished Creatures (others)
  280 foxfires
  3 plants (D:1)
283 creatures vanquished.

Grand Total: 373 creatures vanquished

Notes
Turn   | Place    | Note
-------+----------+-------------------------------------------
     0 | D:1      | funkygono the Demonspawn Fire Elementalist began the quest
                  | for the Orb.
     0 | D:1      | Reached XP level 1. HP: 13/13 MP: 3/3
    80 | D:1      | Found a faded altar of an unknown god.
   271 | D:1      | Gained mutation: You are partially covered in sharp spines.
                  | [demonic ancestry]
   271 | D:1      | Reached XP level 2. HP: 11/19 MP: 0/5
   352 | D:1      | Learned a level 2 spell: Scorch
   707 | D:1      | You fall into a shaft and drop 1 floor!
   833 | D:2      | Identified the +3 spear of Zataojei {venom, +Blink Fly
                  | rPois Stlth+}
   929 | D:2      | Reached XP level 3. HP: 24/24 MP: 4/6
   933 | D:2      | Learned a level 3 spell: Kindle Blastsparks
  1975 | D:2      | Discovered your monstrous ancestry.
  1975 | D:2      | Gained mutation: You have a pair of small antennae on your
                  | head. [demonic ancestry]
  1975 | D:2      | Reached XP level 4. HP: 30/30 MP: 5/8
  3982 | D:4      | Gained mutation: You have a small tail. [demonic ancestry]
  3982 | D:4      | Reached XP level 5. HP: 35/35 MP: 6/10
  4212 | D:4      | Noticed Natasha
  4216 | D:4      | Killed Natasha
  4232 | D:4      | Noticed Natasha
  4236 | D:4      | Killed Natasha
  4377 | D:4      | Noticed Duvessa
  4382 | D:4      | Noticed Dowan
  4398 | D:4      | Killed Dowan
  4399 | D:4      | Gained mutation: You are mostly covered in sharp spines.
                  | [demonic ancestry]
  4399 | D:4      | Reached XP level 6. HP: 31/41 MP: 2/12
  4406 | D:4      | Slain by Duvessa

Illustrated notes

Levels and vault maps discovered:
D:1:      tarquinn_simple_flora_water_c, layout_basic,
          hellmonk_ecumenical_altar_pennies_from_heaven
D:2:      cheibrodos_greedy_goblins, layout_basic
D:3:      layout_loops_corners, lemuel_doored_altar
D:4:      layout_rooms, uniq_natasha, uniq_grinder, uniq_duvessa

Skill      XL: |  1  2  3  4  5 |
---------------+----------------+-----
Fire Magic     | 3 4 |  4.3
Dodging        | 2 |  2.1
Spellcasting   | 3 4 |  4.2
Conjurations   | 2 |  2.3
Fighting       | |  0.1
Armour         | |  0.3
Stealth        | |  1.7

Action                   |  1- 3 |  4- 6 || total
-------------------------+-------+-------++-------
Melee: Unarmed           |    10 |       ||    10
       Dagger            |     1 |       ||     1
       Whip              |       |     8 ||     8
       Tailslap          |       |     2 ||     2
 Cast: Foxfire           |    83 |    79 ||   162
       Scorch            |     1 |    14 ||    15
  Use: Potion            |       |     1 ||     1
Armor: Robe              |     8 |       ||     8
       Leather armour    |       |     2 ||     2
Dodge: Dodged            |    17 |    24 ||    41

Table legend: (Time is in decaauts)
 A = Elapsed time spent in this place.
 B = Non-inter-level travel time spent in this place.
 C = Inter-level travel time spent in this place.
 D = Time resting spent in this place.
 E = Time spent auto-exploring this place.
 F = Levels seen in this place.
 G = Mean time per level.
                   A        B        C        D        E       F      G
               +--------+--------+--------+--------+--------+-----+--------+
         Total |   4408 |   4333 |     75 |    112 |   3604 |   4 | 1102.0 |
       Dungeon |   4408 |   4333 |     75 |    112 |   3604 |   4 | 1102.0 |
               +--------+--------+--------+--------+--------+-----+--------+

Top non-repeatable levels by time:
     D:2: 1467 daAuts
     D:3: 1295 daAuts
     D:1: 1218 daAuts
     D:4: 427 daAuts
